 Dungeon Crawl Stone Soup version 0.29-a0-789-g7a8fcbc185 (webtiles) character file.

Game seed: 12923694967862807169

33365 quinnr the Zephyrmancer (level 13, -16/91 HPs)
             Began as a Tengu Air Elementalist on July 2, 2022.
             Was a High Priest of Sif Muna.
             Demolished by a komodo dragon (19 damage)
             ... on level 6 of the Lair of Beasts.
             The game lasted 00:48:07 (27495 turns).

quinnr the Zephyrmancer (Tengu Air Elementalist)   Turns: 27495, Time: 00:48:08

Health: -16/91     AC:  9    Str:  8    XL:     13   Next: 70%
Magic:  22/26      EV: 18    Int: 21    God:    Sif Muna [*****.]
Gold:   985        SH:  0    Dex: 15    Spells: 13/29 levels left

rFire   + . .      SeeInvis .   Y - staff of conjuration
rCold   . . .      Faith    .   (no shield)
rNeg    . . .      Spirit   .   U - +3 leather armour {rF+}
rPois   +          Reflect  .   (helmet restricted)
rElec   .          Harm     .   j - +0 cloak
rCorr   .          Rampage  .   T - +1 pair of gloves {hurl}
Will    +....                   (boots unavailable)
Stlth   ++........              L - amulet of the acrobat
HPRegen 0.25/turn               k - ring of poison resistance
MPRegen 0.20/turn               q - ring of willpower

@: flying quickly and evasively, quick
A: beak, talons 3, nimble flight
a: Renounce Religion, Channel Magic, Forget Spell, Divine Exegesis


You were on level 6 of the Lair of Beasts.
You worshipped Sif Muna.
Sif Muna was extremely pleased with you.
You visited 3 branches of the dungeon, and saw 17 of its levels.
You also visited: Ossuary and Volcano.

You collected 985 gold pieces.

Inventory:

Hand Weapons
 s - a +2 dagger of speed
Missiles
 r - 32 poisoned darts
Armour
 a - a +0 robe
 i - an orb of energy
 j - a +0 cloak (worn)
 y - a +1 pair of gloves
 K - a +1 robe of fire resistance
 T - a +1 pair of gloves of hurling (worn)
 U - a +3 leather armour of fire resistance (worn)
 V - a scarf of invisibility
 X - the +2 leather armour "Taroaf" {rC+ Str+2}
   (You found it on level 5 of the Lair of Beasts)

   Str:       It affects your strength (+2).
   rC:        It protects you from cold.
Magical Staves
 m - a staff of cold
 Q - a staff of earth
 Y - a staff of conjuration (weapon)
Jewellery
 k - a ring of poison resistance (left hand)
 q - a ring of willpower (right hand)
 H - a ring of positive energy
 I - a ring of willpower
 L - an amulet of the acrobat (around neck)
 N - an amulet of faith
 R - an amulet of regeneration
Wands
 z - a wand of charming (29)
 A - a wand of roots (13)
 E - a wand of polymorph (19)
 P - a wand of mindburst (3)
 S - a wand of digging (6)
Scrolls
 b - 6 scrolls of identify
 d - 8 scrolls of amnesia
 e - 11 scrolls of teleportation
 f - 2 scrolls of enchant armour
 l - 4 scrolls of vulnerability
 n - 2 scrolls of magic mapping {unknown}
 t - 3 scrolls of noise
 B - 2 scrolls of brand weapon
 C - 5 scrolls of fear
 D - 2 scrolls of fog {unknown}
 F - 3 scrolls of enchant weapon {unknown}
 O - a scroll of immolation {unknown}
Potions
 c - 21 potions of curing
 g - 5 potions of haste {unknown}
 h - 2 potions of invisibility {unknown}
 o - 2 potions of attraction {unknown}
 p - 2 potions of resistance {unknown}
 u - 4 potions of might {unknown}
 v - 2 potions of mutation {unknown}
 w - 6 potions of flight {unknown}
 x - 7 potions of heal wounds
 G - 2 potions of brilliance {unknown}
 J - 2 potions of ambrosia {unknown}
 M - a potion of degeneration {unknown}
 W - 2 potions of experience {unknown}


   Skills:
 - Level 14.6 Fighting
 + Level 3.4 Armour
 + Level 7.9 Dodging
 - Level 4.0 Stealth
 + Level 8.6 Spellcasting
 - Level 2.0 Conjurations
 + Level 1.4 Fire Magic
 + Level 14.7 Air Magic
 + Level 4.3 Poison Magic
 - Level 5.0 Evocations


You had 13 spell levels left.
You knew the following spells:

 Your Spells              Type           Power      Damage    Failure   Level
a - Shock                 Conj/Air       100%       1d9       1%          1
b - Airstrike             Air            31%        0-10+     1%          4
c - Poisonous Vapours     Pois/Air       98%        N/A       1%          2
d - Static Discharge      Conj/Air       60%        3-11/arc  1%          2
e - Ignite Poison         Fire/Tmut/Pois 17%        N/A       14%         3
f - Olgreb's Toxic Radia  Pois           27%        N/A       17%         4

Your spell library contained the following spells:

 Spells                   Type           Power      Damage    Failure   Level
 Swiftness                Air            63%        N/A       1%          3
 Sting                    Tmut/Pois      72%        1d6       4%          1
 Foxfire                  Conj/Fire      96%        2x1d8     5%          1
 Corpse Rot               Necr/Pois/Air  35%        N/A       8%          4
 Scorch                   Fire           30%        2d6       9%          2
 Beastly Appendage        Tmut           18%        N/A       11%         1
 Spider Form              Tmut/Pois      18%        N/A       13%         3
 Silence                  Hex/Air        20%        N/A       14%         5
 Wereblood                Tmut           9%         N/A       16%         2
 Conjure Flame            Conj/Fire      24%        6-21      16%         3
 Dazzling Flash           Conj/Hex       38%        N/A       21%         3
 Stone Arrow              Conj/Erth      38%        3d9       21%         3
 Inner Flame              Hex/Fire       12%        N/A       24%         3
 Flame Wave               Conj/Fire      24%        2d7       45%         4
 Animate Armour           Summ/Erth      18%        N/A       71%         4
 Leda's Liquefaction      Hex/Erth       4%         N/A       71%         4
 Alistair's Intoxication  Tmut/Pois      12%        N/A       75%         5
 Lee's Rapid Deconstruct  Erth           4%         3d6*      96%         5
 Statue Form              Tmut/Erth      6%         N/A       100%        6
 Summon Cactus Giant      Summ           4%         N/A       100%        6
 Lehudib's Crystal Spear  Conj/Erth      9%         10d4      100%        8


Dungeon Overview and Level Annotations

Branches:
Dungeon (10/15)            Temple (1/1) D:4            Lair (6/6) D:8
  Swamp (0/4) Lair:3        Snake (0/4) Lair:2        Slime (0/5) Lair:6
Ossuary (visited)         Volcano (visited)
    Orc: D:9-12

Altars:
Ashenzari
Cheibriados
Dithmenos
Fedhas
Gozag
Hepliaklqana
Kikubaaqudgha
Makhleb
Nemelex Xobeh
Okawaru
Ru
Sif Muna
Trog
Uskayaw
Vehumet
Wu Jian
Xom
Zin
The Shining One
Jiyva

Shops:
D:1 :   D:2 (   D:4 =   D:9 ?

Annotations:
D:3 2 transporters
Lair:1 2 runed translucent doors, frimble's ghost, journeyman MiMo


Innate Abilities, Weirdness & Mutations

You have a beak for a mouth.
You have claws for feet.
Your magical nature lets you fly swiftly and evasively.


Message History

The dream sheep shake their wool and sparkle.
You feel drowsy...
You fall asleep.
A nearby plant withers and dies.
The komodo dragon bites you!!!
You wake up.
* * * LOW HITPOINT WARNING * * *
Unknown command.
Unknown command.
Casting: Static Discharge (safe; 1% risk of failure)
Confirm with . or Enter, or press ? or * to list all spells.
You feel a surge of power!
The komodo dragon is struck by an arc of lightning.
The komodo dragon is almost dead.
You are struck by an arc of lightning.
* * * LOW HITPOINT WARNING * * *
The lightning grounds out.
The plant is struck by an arc of lightning!
The plant is lightly damaged.
The plant is struck by an arc of lightning.
The plant begins to die.
The plant is lightly damaged.
The dream sheep is struck by an arc of lightning!
The dream sheep is heavily wounded.
The plant is struck by an arc of lightning.
The plant is lightly damaged.
You are struck by an arc of lightning.
* * * LOW HITPOINT WARNING * * *
The lightning grounds out.
The plant is struck by an arc of lightning!
The plant begins to die.
The plant is lightly damaged.
You are struck by an arc of lightning.
* * * LOW HITPOINT WARNING * * *
The plant is struck by an arc of lightning.
The plant is lightly damaged.
The plant is struck by an arc of lightning!
The plant is lightly damaged.
The plant is struck by an arc of lightning!
The plant is lightly damaged.
The lightning grounds out.
A nearby plant withers and dies.
The komodo dragon bites you!!
You die...

....... ........P.....##
....... ...............##
....... #..............##
......Y##.........P......
.......#.#.......P.......
.$..lYY#........PPP......
....PYYY#................
....#..l.................
......Y.@................
......P.P................
.........................
.........................
.....#.......P.P.........
...........P.#...........
.#...........P..........#
........................
...................#


You could see a komodo dragon, a basilisk and 7 dream sheep.

Vanquished Creatures
  4 hydras
  5 two-headed ogres
  A hell hog (Volcano)
  A lindwurm (Lair:6)
  Pikel (D:8)
  A necromancer (Lair:3)
  3 elephants (Lair:4)
  Joseph (Lair:1)
  3 black mambas
  9 cane toads
  2 torpor snails (Lair:4)
  A kobold demonologist (D:9)
  2 rime drakes
  5 komodo dragons
  An unseen horror zombie (D:10)
  A troll (D:7)
  A polar bear (Lair:5)
  A queen bee (Lair:3)
  A hornet (D:7)
  2 dream sheep (Lair:4)
  6 blink frogs
  2 shadows (D:9)
  5 basilisks
  Grum (D:8)
  45 yaks
  3 wyverns
  2 fire bats (Volcano)
  4 vampire mosquitoes (Lair:3)
  4 steam dragons
  An acid dragon (D:8)
  A hell hound (Volcano)
  8 water moccasins
  2 black bears
  A hornet zombie (Ossuary)
  2 orc warriors (D:9)
  An ice beast (D:6)
  An ogre (D:4)
  4 centaurs
  16 wolves
  A lemure (D:8)
  2 kobold brigands (D:8)
  7 bullfrogs
  2 scorpions (D:6)
  3 wyvern zombies (Ossuary)
  4 water moccasin zombies (Ossuary)
  19 killer bees
  An electric eel (Lair:4)
  2 howler monkeys
  A centaur zombie (Ossuary)
  2 boudas
  5 bullfrog zombies (Ossuary)
  2 jellies
  6 orc priests
  Crazy Yiuf (D:4)
  A hound (D:4)
  An iguana (D:5)
  5 orc wizards
  3 killer bee zombies (Ossuary)
  A polar bear simulacrum (Lair:3)
  2 yak simulacra (Lair:3)
  2 wolf simulacra (Lair:3)
  10 mummies (Ossuary)
  Robin (D:4)
  5 howler monkey zombies (Ossuary)
  12 gnolls
  8 adders
  A white imp (D:6)
  An ufetubus (D:5)
  A worm (D:4)
  3 dart slugs
  19 orcs
  2 ball pythons
  5 endoplasms
  2 giant cockroaches
  16 goblins
  9 hobgoblins
  4 jackals (D:2)
  28 kobolds
  3 quokkas
  7 bats
  5 frilled lizards
  3 rats
  2 river rat simulacra (Lair:3)
375 creatures vanquished.

Vanquished Creatures (collateral kills)
  A bullfrog zombie (Ossuary)
  A centaur zombie (Ossuary)
  2 mummies (Ossuary)
4 creatures vanquished.

Vanquished Creatures (others)
  A killer bee (D:9)
  26 fungi
  91 plants
  3 withered plants (Ossuary)
121 creatures vanquished.

Grand Total: 500 creatures vanquished

Notes
Turn   | Place    | Note
-------+----------+-------------------------------------------
     0 | D:1      | quinnr the Tengu Air Elementalist began the quest for the
                  | Orb.
     0 | D:1      | Reached XP level 1. HP: 10/10 MP: 4/4
   510 | D:1      | Found Govimute's Book Shoppe.
   546 | D:1      | Reached XP level 2. HP: 15/15 MP: 0/6
   968 | D:1      | Reached skill level 5 in Air Magic
  1515 | D:2      | Found Webrat's Antique Weapon Emporium.
  1940 | D:2      | Reached XP level 3. HP: 15/19 MP: 1/7
  2922 | D:3      | Reached XP level 4. HP: 24/24 MP: 2/8
  3308 | D:2      | Learned a level 4 spell: Airstrike
  3578 | D:3      | Reached skill level 1 in Fighting
  3578 | D:3      | Gained mutation: Your magical nature lets you fly swiftly
                  | and evasively. [Tengu growth]
  3578 | D:3      | Reached XP level 5. HP: 29/29 MP: 5/9
  3671 | D:3      | Found a transporter.
  3681 | D:3      | Found a transporter.
  3681 | D:3      | Noticed a phantom
  3690 | D:3      | Noticed an ogre
  3692 | D:3      | Found a radiant altar of Vehumet.
  3874 | D:4      | Noticed Robin
  4257 | D:4      | Found Roqyrawu's One-of-a-Kind Rings.
  4657 | D:4      | Found a burning altar of Makhleb.
  4691 | D:4      | Reached XP level 6. HP: 37/37 MP: 4/10
  5265 | D:4      | Killed Robin
  5266 | D:4      | Reached XP level 7. HP: 41/41 MP: 4/11
  5378 | D:4      | Found a runed translucent door.
  5379 | D:4      | Noticed Crazy Yiuf
  5451 | D:4      | Found a sacrificial altar of Ru.
  5527 | D:4      | Found a staircase to the Ecumenical Temple.
  5598 | Temple   | Entered the Ecumenical Temple
  5603 | Temple   | Became a worshipper of Sif Muna the Loreminder
  5707 | D:4      | Found an ancient bone altar of Kikubaaqudgha.
  5722 | D:4      | Found an ornate altar of the Wu Jian Council.
  5776 | D:4      | Found a shadowy altar of Dithmenos.
  5977 | D:5      | Entered Level 5 of the Dungeon
  7057 | D:4      | Killed Crazy Yiuf
  7506 | D:6      | Found a hazy altar of Hepliaklqana.
  7660 | D:6      | Learned a level 2 spell: Poisonous Vapours
  7663 | D:6      | Learned a level 2 spell: Static Discharge
  7675 | D:6      | Reached skill level 10 in Air Magic
  7927 | D:6      | Reached XP level 8. HP: 46/46 MP: 0/12
  8861 | D:7      | Found a bloodstained altar of Trog.
  9017 | D:7      | Found a sand-covered staircase.
  9069 | D:7      | Reached skill level 5 in Dodging
  9098 | D:7      | Reached XP level 9. HP: 20/50 MP: 0/17
  9167 | D:7      | Noticed a hornet
  9172 | D:7      | Killed a hornet
  9173 | D:7      | Reached skill level 5 in Spellcasting
  9219 | Ossuary  | Entered an ossuary
  9371 | Ossuary  | Reached * piety under Sif Muna
  9431 | Ossuary  | Reached skill level 5 in Fighting
 10750 | D:7      | Noticed a troll
 10761 | D:7      | Killed a troll
 11326 | D:8      | Reached XP level 10. HP: 22/61 MP: 11/21
 11669 | D:8      | Noticed Pikel
 11700 | D:8      | Killed Pikel
 11864 | D:8      | Reached ** piety under Sif Muna
 11913 | D:8      | Found a broken altar of Ashenzari.
 12322 | D:8      | Found a staircase to the Lair.
 12748 | D:8      | Noticed Grum
 12910 | D:8      | Found a snail-covered altar of Cheibriados.
 13098 | D:8      | Killed Grum
 13511 | D:9      | Reached skill level 1 in Poison Magic
 13514 | D:9      | Noticed a two-headed ogre
 13537 | D:9      | Killed a two-headed ogre
 13705 | D:9      | Found Fegem's Magic Scroll Boutique.
 14086 | D:9      | Found a sparkling altar of Nemelex Xobeh.
 14094 | D:9      | Reached *** piety under Sif Muna
 14309 | D:9      | Reached XP level 11. HP: 69/69 MP: 7/22
 15176 | D:10     | Entered Level 10 of the Dungeon
 15605 | Lair:1   | Entered Level 1 of the Lair of Beasts
 15687 | Lair:1   | Reached skill level 10 in Fighting
 15961 | Lair:1   | Noticed a six-headed hydra
 15969 | Lair:1   | Killed a six-headed hydra
 16455 | Lair:1   | Noticed Joseph
 16465 | Lair:1   | Killed Joseph
 17075 | Lair:1   | Found a large runed translucent door.
 17075 | Lair:1   | Found a large runed translucent door.
 17079 | Lair:1   | Noticed frimble's ghost (journeyman MiMo)
 18094 | Lair:2   | Reached XP level 12. HP: 82/82 MP: 13/23
 18441 | Lair:2   | Found a staircase to the Snake Pit.
 18525 | Lair:2   | Noticed a four-headed hydra
 18531 | Lair:2   | Killed a four-headed hydra
 19844 | Lair:3   | Noticed a seven-headed hydra
 19853 | Lair:3   | Killed a seven-headed hydra
 20472 | Lair:3   | Reached **** piety under Sif Muna
 20473 | Lair:3   | Reached skill level 1 in Evocations
 20828 | Lair:3   | Found a staircase to the Swamp.
 22280 | Lair:4   | Found a dark tunnel.
 22285 | Volcano  | Entered a volcano
 22710 | Volcano  | Noticed a two-headed ogre
 22717 | Volcano  | Noticed a hell hog
 22719 | Volcano  | Noticed a two-headed ogre
 22737 | Volcano  | Killed a two-headed ogre
 22833 | Volcano  | Killed a hell hog
 22834 | Volcano  | Reached XP level 13. HP: 42/91 MP: 1/25
 23812 | Lair:4   | Reached skill level 1 in Armour
 23923 | Lair:4   | Reached ***** piety under Sif Muna
 25534 | Lair:5   | Identified the +2 leather armour "Taroaf" {rC+ Str+2}
 26230 | Lair:5   | Received a gift from Sif Muna
 26231 | Lair:5   | Reached skill level 5 in Evocations
 26234 | Lair:5   | Got Sif Muna's Volume of Enthralling Contamination {god
                  | gift}
 26239 | Lair:5   | Learned a level 3 spell: Ignite Poison
 26928 | Lair:5   | Reached skill level 1 in Fire Magic
 27071 | Lair:6   | Entered Level 6 of the Lair of Beasts
 27249 | Lair:6   | Found a staircase to the Slime Pits.
 27249 | Lair:6   | Found a viscous altar of Jiyva.
 27353 | Lair:6   | Learned a level 4 spell: Olgreb's Toxic Radiance
 27495 | Lair:6   | HP: 8/91 [/static electricity (5)]
 27495 | Lair:6   | HP: 3/91 [/static electricity (4)]
 27495 | Lair:6   | Demolished by a komodo dragon

Illustrated notes

Levels and vault maps discovered:
D:1:      minmay_arrival_diagonal_passages, layout_loops_corners, serial_shops,
          shop_statue, chequers_jeans, patterned_corridor
D:2:      layout_loops_ring, serial_shops, nicolae_shop_hallway_stairs,
          st_stairs_7
D:3:      layout_rooms, gammafunk_temple_overflow_arena, amethyst_killhole
D:4:      layout_rooms, lemuel_coloured_pillars_altar, kiku_gazebo_pond_becter,
          nicolae_ru_path_of_blood, pdpol_wu_jian_five_deadly_venoms,
          makhleb_heckhound_becter, minmay_temple_entry_drinking_statues,
          nicolae_shop_unique_rings, minivault_4, uniq_robin,
          uniq_crazy_yiuf_cottage
D:5:      layout_basic
D:6:      layout_basic, lemuel_doored_altar, kennysheep_another_room
D:7:      layout_basic, nicolae_overflow_crystal_walls,
          nicolae_ossuary_entry_false_entrances, minmay_misc_feat_alley
D:8:      kennysheep_kobold_camp, layout_basic, evilmike_ruin_ashenzari,
          pf_just_have_faith, lair_entry_dummy, uniq_grum, uniq_pikel
D:9:      layout_stronghold, mainiacjoe_overflow_concentric_impassable,
          serial_shops, shop
D:10:     lemuel_ice_spiral_2, layout_irregular_city,
          nicolae_yredelemnul_corpse_copse, kennysheep_mini_moat,
          overflow_temple_1_default, amcnicky_mini_pool_small
Temple:   hellmonk_temple_micro_hex
Lair:1:   layout_regular_city, ebering_ghost_disaster_area, st_stairs_8,
          minivault_19, uniq_joseph
Lair:2:   layout_chaotic_city, dummy_snake_entry, st_stairs_9
Lair:3:   layout_roguey, minmay_swamp_entry_swarm, special_room
          [special_room_bee], eino_house_with_fridge
Lair:4:   layout_layer_cave, enter_volcano_1, serial_bayou_shore_b,
          serial_bayou_shore_b, grunt_megastairs_1
Lair:5:   hellmonk_destroyed_diamonds, layout_loops_ring, minivault_27,
          lemuel_fruit_fields
Lair:6:   guppyfry_lair_end_dragon, layout_misc_corridors, slime_entry_1,
          serial_bayou_shore_a

Skill      XL: |  1  2  3  4  5  6  7  8  9 10 11 12 13 |
---------------+----------------------------------------+-----
Air Magic      | 5 6 7 8 10 11 13 14 | 14.7
Fighting       | 1 3 6 8 12 14 | 14.6
Stealth        | 3 4 |  4.0
Dodging        | 5 6 7 |  7.9
Spellcasting   | 4 7 8 |  8.6
Conjurations   | 2 |  2.0
Poison Magic   | 4 |  4.3
Evocations     | 3 5 |  5.0
Armour         | 3 |  3.4
Fire Magic     | 1 |  1.4

Action                   |  1- 3 |  4- 6 |  7- 9 | 10-12 | 13-15 || total
-------------------------+-------+-------+-------+-------+-------++-------
Melee: Unarmed           |     3 |       |       |       |       ||     3
       Kick              |     1 |       |    15 |    14 |    11 ||    41
       Staff             |       |       |    22 |    28 |    20 ||    70
       Peck              |       |       |     6 |     5 |     4 ||    15
       Punch             |       |       |       |       |     2 ||     2
 Cast: Shock             |    82 |   110 |   203 |   281 |    69 ||   745
       Airstrike         |       |     4 |    37 |   128 |    48 ||   217
       Poisonous Vapours |       |       |     5 |   114 |    79 ||   198
       Static Discharge  |       |       |     5 |    47 |    19 ||    71
       Ignite Poison     |       |       |       |       |     4 ||     4
Evoke: Wand              |       |       |     2 |     5 |     1 ||     8
  Use: Scroll            |       |       |     8 |     1 |       ||     9
       Potion            |       |       |     1 |     2 |       ||     3
Armor: Robe              |     5 |     5 |    30 |    35 |     3 ||    78
       Leather armour    |       |       |       |       |     5 ||     5
Dodge: Dodged            |    18 |    25 |   119 |   192 |    66 ||   420

Table legend: (Time is in decaauts)
 A = Elapsed time spent in this place.
 B = Non-inter-level travel time spent in this place.
 C = Inter-level travel time spent in this place.
 D = Time resting spent in this place.
 E = Time spent auto-exploring this place.
 F = Levels seen in this place.
 G = Mean time per level.
                   A        B        C        D        E       F      G
               +--------+--------+--------+--------+--------+-----+--------+
         Total |  26560 |  25807 |    753 |   4597 |  17689 |  19 | 1397.9 |
       Dungeon |  13645 |  13196 |    449 |   1816 |   9651 |  10 | 1364.5 |
        Temple |      9 |      5 |      4 |      0 |      0 |   1 |    9.0 |
          Lair |  10287 |   9988 |    299 |   1199 |   7478 |   6 | 1714.5 |
       Ossuary |   1495 |   1495 |      0 |    924 |    277 |   1 | 1495.0 |
       Volcano |   1122 |   1122 |      0 |    657 |    281 |   1 | 1122.0 |
               +--------+--------+--------+--------+--------+-----+--------+

Top non-repeatable levels by time:
  Lair:3: 3058 daAuts
  Lair:4: 2160 daAuts
     D:8: 1918 daAuts
  Lair:1: 1831 daAuts
     D:9: 1831 daAuts
     D:4: 1702 daAuts
     D:1: 1671 daAuts
  Lair:2: 1616 daAuts
     D:3: 1549 daAuts
 Ossuary: 1495 daAuts
  Lair:5: 1320 daAuts
     D:6: 1287 daAuts
     D:2: 1251 daAuts
     D:7: 1235 daAuts
 Volcano: 1122 daAuts
